Map: Frozen Temple

Players

Mindele

  • Race: Terran Terran

Ivanchuk - Winner!

  • Race: Protoss Protoss

VOD

Have the link to the VOD?

Description

Time

  • Played on: May 14, 2016, 11:26 a.m.
  • Length: 11:41
Show
View Real Time Build Order
Export as new Build Order

Mindele Terran 

Build Orders:  

Get SALT Encoding   

  12  0:01  SCV  
  13  0:13  SCV  
  14  0:18  Supply Depot  
  14  0:26  SCV  
  15  0:40  SCV  
  16  0:43  Barracks  
  16  0:52  SCV  
  17  0:59  Barracks  
  17  1:04  SCV  
  18  1:12  Refinery  
  18  1:17  SCV  
  19  1:21  Refinery  
  19  1:29  SCV  
  20  1:41  Orbital Command  
  20  1:46  Marine  
  20  1:47  Supply Depot  
  21  1:50  Marine  
  22  2:07  SCV  
  23  2:12  Supply Depot  
  23  2:19  SCV  
  24  2:26  Marine x2  
  26  2:35  Supply Depot  
  26  2:37  Factory  
  26  2:51  SCV  
  27  3:03  SCV  
  28  3:13  Marine x2, Barracks  
  28  3:16  Supply Depot  
  28  3:17  Barracks  
  30  3:25  SCV  
  31  3:37  SCV  
  32  3:44  Marine  
  32  3:45  Marine  
  32  3:48  Widow Mine  
  36  4:05  Marine  
  36  4:07  Marine  
  36  4:08  Marine  
  39  4:16  Factory  
  39  4:21  Starport  
  39  4:28  Factory Tech Lab  
  38  4:38  Marine  
  38  4:39  Marine x2  
  38  4:40  Marine  
  38  4:43  SCV  
  43  4:53  Supply Depot  
  43  4:55  SCV  
  44  5:01  Cyclone  
  44  5:04  Factory Tech Lab  
  47  5:11  Medivac  
  49  5:18  SCV  
  49  5:19  Marine x2  
  52  5:30  Marine  
  53  5:52  Widow Mine  
  53  5:54  Widow Mine  
  57  6:05  Medivac  
  57  6:06  Marine  
  57  6:07  Marine x2  
  57  6:10  Marine  
  63  6:26  Supply Depot  
  63  6:27  SCV  
  64  6:39  SCV  
  65  6:40  Marine x3  
  65  6:42  Medivac  
  70  6:53  Marine  
  70  7:13  Marine x3  
  73  7:59  Marine  
  73  8:00  Marine  
  73  8:02  Starport Reactor  
  73  8:13  SCV  
  73  8:15  Marine  
  73  8:17  Marine  
  75  8:21  Supply Depot  
  75  8:30  Widow Mine x2  
  79  8:42  Viking x2  
  79  8:44  Supply Depot  
  79  8:46  Marine  
  79  8:47  Marine x2  
  86  9:02  Marine  
  87  9:26  Siege Tank  
  87  9:27  Siege Tank  
  93  9:33  Viking  
  93  9:34  Viking  
Show
View Real Time Build Order
Export as new Build Order

Ivanchuk Protoss - Winner!

Build Orders: Double Forge 

Get SALT Encoding   

  12  0:01  Probe (Chrono Boost)  
  13  0:12  Probe (Chrono Boost)  
  14  0:22  Pylon  
  14  0:27  Probe (Chrono Boost)  
  15  0:37  Assimilator  
  15  0:40  Probe (Chrono Boost)  
  16  0:49  Gateway  
  16  0:51  Probe (Chrono Boost)  
  17  1:01  Probe (Chrono Boost)  
  18  1:12  Pylon, Probe (Chrono Boost)  
  19  1:31  Probe (Chrono Boost)  
  20  1:39  Zealot  
  22  1:41  Probe (Chrono Boost)  
  23  1:47  Cybernetics Core  
  23  1:50  Gateway  
  23  1:52  Probe (Chrono Boost)  
  24  2:04  Pylon  
  24  2:05  Probe (Chrono Boost)  
  24  2:06  Zealot  
  27  2:18  Probe (Chrono Boost)  
  28  2:28  Probe (Chrono Boost)  
  29  2:33  Stalker  
  29  2:36  Forge  
  31  2:39  Stalker, Probe (Chrono Boost)  
  34  2:53  Pylon  
  34  2:56  Probe (Chrono Boost)  
  35  3:03  Stalker  
  37  3:08  Probe (Chrono Boost)  
  37  3:11  Stalker  
  40  3:18  Probe (Chrono Boost)  
  41  3:20  Gateway  
  41  3:29  Probe (Chrono Boost)  
  41  3:32  Stalker  
  44  3:42  Probe (Chrono Boost)  
  45  3:58  Sentry  
  47  4:04  Pylon  
  47  4:09  Pylon  
  47  4:20  Forge  
  47  4:22  Stalker  
  47  4:23  Zealot, Probe (Chrono Boost)  
  44  4:41  Nexus  
  45  4:45  Probe (Chrono Boost)  
  45  4:48  Sentry  
  45  4:50  Adept  
  49  4:52  Adept  
  49  4:56  Probe (Chrono Boost)  
  52  5:06  Probe (Chrono Boost)  
  53  5:11  Protoss Ground Weapons Level 1  
  53  5:14  Zealot, Assimilator  
  53  5:20  Pylon  
  55  5:24  Probe (Chrono Boost)  
  56  5:29  Zealot  
  56  5:31  Stalker  
  61  5:50  Pylon, Probe (Chrono Boost)  
  61  5:52  Zealot  
  61  5:56  Zealot  
  65  6:00  Probe (Chrono Boost)  
  65  6:01  Zealot  
  65  6:03  Twilight Council  
  68  6:11  Stargate  
  68  6:13  Probe (Chrono Boost)  
  69  6:21  Zealot  
  69  6:23  Stalker  
  73  6:28  Zealot, Pylon, Probe (Chrono Boost)  
  76  6:39  Probe (Chrono Boost)  
  77  6:46  Assimilator  
  77  6:50  Probe (Chrono Boost)  
  77  6:51  Adept  
  77  6:53  Stalker  
  82  6:55  Adept  
  82  7:00  Probe (Chrono Boost)  
  85  7:11  Void Ray  
  89  7:19  Probe (Chrono Boost)  
  90  7:26  Nexus  
  91  7:30  Probe (Chrono Boost)  
  91  7:40  Probe (Chrono Boost)  
  86  7:44  Probe (Chrono Boost)  
  86  7:52  Zealot  
  86  7:53  Stalker  
  86  7:54  Probe (Chrono Boost)  
  91  8:01  Stargate  
  88  8:20  Probe (Chrono Boost)  
  88  8:24  Pylon  
  88  8:26  Zealot  
  91  8:30  Probe (Chrono Boost)  
  91  8:32  Pylon, Gateway  
  92  8:39  Fleet Beacon  
  93  8:41  Probe (Chrono Boost)  
  85  8:50  Void Ray  
  89  9:06  Probe (Chrono Boost)  
  89  9:08  Assimilator  
  90  9:14  Nexus  
  90  9:17  Probe (Chrono Boost)  
  88  9:29  Pylon  
  88  9:34  Probe (Chrono Boost)  
  88  9:37  Void Ray  
  93  9:40  Void Ray  
  93  9:45  Probe (Chrono Boost)  
  96  9:55  Probe (Chrono Boost)  
  93  10:06  Zealot x2  
  97  10:07  Stalker  
  97  10:13  Robotics Facility  
  99  10:26  Probe (Chrono Boost)  
  100  10:31  Probe (Chrono Boost)  
  101  10:37  Probe (Chrono Boost)  
  101  10:42  Probe (Chrono Boost)  
  103  10:45  Twilight Council  
  103  10:52  Probe (Chrono Boost)  
  103  10:53  Probe (Chrono Boost)  
  105  11:03  Probe (Chrono Boost)  
  107  11:04  Probe (Chrono Boost)  
  107  11:13  Probe (Chrono Boost)  
  120  11:30  Probe (Chrono Boost)  
  121  11:35  Assimilator  
  121  11:37  Assimilator  
Tags
 
Add a new tag
Caveats
  • Supply blocks, unpowered buildings, or Contaminate may cause inaccurate times.
  • Supply counts are checked every 10 seconds.